 Dungeon Crawl Stone Soup version 0.31-a0-538-gbc85326fa9 (webtiles) character file.

Game seed: 1471779951754787141

1450583 MrSquiggles the Maledictor (level 27, 144/190 HPs)
             Began as a Vampire Enchanter on Aug 11, 2023.
             Was a High Priest of Dithmenos.
             Escaped with the Orb
             ... and 3 runes on Aug 14, 2023!
             The game lasted 06:14:06 (106137 turns).

MrSquiggles the Maledictor (Vampire Enchanter)    Turns: 106137, Time: 06:14:07

Health: 144/190    AC: 28    Str: 11    XL:     27
Magic:  39/40      EV: 35    Int: 21    God:    Dithmenos [*****.]
Gold:   1063       SH: 19    Dex: 32    Spells: 10/52 levels left

rFire   + + +        b - +7 rapier of Cerus {heavy, +Blink rPois rC- Str+3}
rCold   + + +        K - +2 shield of Resistance {rF++ rC++ Will++}
rNeg    + + +        E - +5 ring mail {Will+}
rPois   ∞            S - +2 helmet {Int+3}
rElec   .            t - +2 cloak of Sophism {rF+ Dex+2}
rCorr   .            W - +2 pair of gloves {Stlth+}
SInv    +            G - +2 pair of boots
Will    +++++        I - amulet "Ujoch" {Acrobat Rampage Fly Dex+3}
Stlth   +++++++      h - +5 ring of evasion {r=}
HPRegen 0.51/turn    P - +4 ring of protection
MPRegen 0.27/turn

%: acrobat, rampage
@: brilliant, flying, bloodless, hasted, wreathed by umbra, studying 2 skills,
very quick
A: bloodless, fangs 3, see invisible, vampiric 2, iridescent scales 1, agile 1,
cold resistance 1, dopey 1, screaming 1
0: Orb of Zot
}: 3/15 runes: barnacled, silver, gossamer
a: Bat Form, Revivify, Renounce Religion, Evoke Blink, Shadow Step, Shadow Form


You escaped.
You worshipped Dithmenos.
Dithmenos was extremely pleased with you.
You visited 12 branches of the dungeon, and saw 52 of its levels.
You visited 1 bazaar.
You also visited: Trove, Bailey, Gauntlet, Ice Cave and Wizlab.

You collected 10067 gold pieces.
You spent 9004 gold pieces at shops.

Inventory:

Hand Weapons
 a - the +8 arc blade {discharge, rElec}
   (You took it off a green draconian on level 4 of the Depths)

   rElec:     It insulates you from electricity.
 b - the +7 rapier of Cerus (weapon) {heavy, +Blink rPois rC- Str+3}
   (You bought it in a shop on level 10 of the Dungeon)

   Str+3:     It affects your strength (+3).
   rC-:       It makes you vulnerable to cold.
   rPois:     It protects you from poison +Blink: It lets you blink.
 C - a +6 quick blade of draining
 X - a +6 vampiric demon blade
Missiles
 N - 9 throwing nets
Armour
 d - the crystal ball of Wucad Mu {*channel}
   (You found it in a wizard's laboratory)

   *Channel:  It often returns the magic spent to cast spells, but lowers their
   success rate.
   It always returns the magic spent on miscasts.
 t - the +2 cloak of Sophism (worn) {rF+ Dex+2}
   (You found it on level 4 of the Dungeon)

   Dex+2:     It affects your dexterity (+2).
   rF+:       It protects you from fire.
 E - a +5 ring mail of willpower (worn)
 G - a +2 pair of boots (worn)
 K - the +2 shield of Resistance (worn) {rF++ rC++ Will++}
   (You bought it in a shop on level 1 of the Orcish Mines)

   rF++:      It greatly protects you from fire.
   rC++:      It greatly protects you from cold.
   Will++:    It greatly increases your willpower.
 S - a +2 helmet of intelligence (worn)
 W - a +2 pair of gloves of stealth (worn)
Jewellery
 h - a +5 ring of evasion (left hand) {r=}
 I - the amulet "Ujoch" (around neck) {Acrobat Rampage Fly Dex+3}
   (You found it on level 7 of the Dungeon)

   [amulet of the acrobat]

   Acrobat:   It increases your evasion while moving and waiting.
   Dex+3:     It affects your dexterity (+3).
   Fly:       It grants you flight.
   Rampage:   It bestows one free step when moving towards enemies.
 P - a +4 ring of protection (right hand)
Wands
 o - a wand of quicksilver (47)
 q - a wand of flame (33)
 B - a wand of paralysis (70)
 O - a wand of digging (3)
 T - a wand of mindburst (58)
 Y - a wand of iceblast (65)
Scrolls
 f - 3 scrolls of torment
 g - 20 scrolls of teleportation
 j - 4 scrolls of revelation
 l - a scroll of blinking
 n - 8 scrolls of immolation
 s - 15 scrolls of fog
 v - 4 scrolls of poison
 x - 2 scrolls of silence
 z - 12 scrolls of fear
 F - 4 scrolls of summoning
 V - 10 scrolls of vulnerability
Potions
 i - 3 potions of brilliance
 k - 7 potions of lignification
 m - 10 potions of attraction
 u - 7 potions of berserk rage
 w - 29 potions of curing
 A - 11 potions of heal wounds
 D - 4 potions of enlightenment
 H - 15 potions of ambrosia
 L - a potion of might
 M - 7 potions of magic
 Q - 2 potions of invisibility
 R - 4 potions of cancellation
 Z - 3 potions of resistance
Miscellaneous
 e - the horn of Geryon
 p - a tin of tremorstones (2/2)
 r - a lightning rod (4/4)
 y - a phial of floods
 J - a box of beasts


   Skills:
 - Level 24.0 Fighting
 - Level 14.0(15.8) Short Blades
 - Level 11.5(14.0) Long Blades
 - Level 21.0 Dodging
 * Level 20.9 Stealth
 - Level 15.0 Shields
 - Level 13.1 Spellcasting
 * Level 26.7 Hexes
 - Level 7.8 Summonings
 - Level 8.0 Transmutations
 - Level 10.0 Invocations
 - Level 18.9 Evocations


You had 10 spell levels left.
You knew the following spells:

 Your Spells              Type           Power      Damage    Failure   Level
a - Confusing Touch       Hex            100%       N/A       0%          3
b - Tukima's Dance        Hex            100%       N/A       0%          3
c - Cause Fear            Hex            56%        N/A       0%          4
d - Summon Guardian Gole  Hex/Summ       92%        N/A       1%          3
e - Enfeeble              Hex            56%        N/A       1%          7
f - Yara's Violent Unrav  Hex/Tmut       46%        3d18      1%          5
g - Discord               Hex            56%        N/A       2%          8
h - Summon Mana Viper     Hex/Summ       92%        N/A       1%          5
i - Anguish               Hex/Necr       40%        N/A       1%          4

Your spell library contained the following spells:

 Spells                   Type           Power      Damage    Failure   Level
 Slow                     Hex            100%       N/A       0%          1
 Summon Small Mammal      Summ           100%       N/A       1%          1
 Ensorcelled Hibernation  Hex/Ice        100%       N/A       1%          2
 Wereblood                Tmut           64%        N/A       1%          2
 Dazzling Flash           Conj/Hex       100%       N/A       1%          3
 Inner Flame              Hex/Fire       81%        N/A       1%          3
 Portal Projectile        Hex/Tloc       100%       N/A       1%          3
 Fulminant Prism          Conj/Hex       40%        3d19      1%          4
 Leda's Liquefaction      Hex/Erth       40%        N/A       1%          4
 Call Canine Familiar     Summ           63%        N/A       2%          3
 Metabolic Englaciation   Hex/Ice        40%        N/A       2%          5
 Silence                  Hex/Air        40%        N/A       2%          5
 Passwall                 Tmut/Erth      38%        N/A       7%          2
 Apportation              Tloc           40%        N/A       24%         1
 Foxfire                  Conj/Fire      80%        2x1d8     24%         1
 Freeze                   Ice            80%        1d9       24%         1
 Kiss of Death            Conj/Necr      80%        2d11      24%         1
 Magic Dart               Conj           80%        1d7       24%         1
 Necrotise                Necr           80%        1d8       24%         1
 Sandblast                Erth           40%        2d10      24%         1
 Ignite Poison            Fire/Tmut/Pois 37%        N/A       24%         3
 Blink                    Tloc           40%        N/A       34%         2
 Cigotuvi's Dreadful Rot  Necr/Pois/Air  40%        N/A       34%         2
 Lesser Beckoning         Tloc           40%        N/A       34%         2
 Momentum Strike          Conj/Tloc      40%        3d9       34%         2
 Poisonous Vapours        Pois/Air       40%        N/A       34%         2
 Scorch                   Fire           40%        2d6       34%         2
 Searing Ray              Conj           40%        2d5       34%         2
 Static Discharge         Conj/Air       40%        2-4/arc   34%         2
 Sublimation of Blood     Necr           20%        N/A       34%         2
 Petrify                  Tmut/Erth      46%        N/A       41%         4
 Animate Armour           Summ/Erth      90%        N/A       43%         4
 Summon Ice Beast         Ice/Summ       45%        N/A       43%         4
 Summon Lightning Spire   Summ/Air       45%        N/A       43%         4
 Gell's Gravitas          Tloc           20%        N/A       56%         3
 Hailstorm                Conj/Ice       20%        3d6       56%         3
 Mephitic Cloud           Conj/Pois/Air  20%        N/A       56%         3
 Ozocubu's Armour         Ice            20%        N/A       56%         3
 Stone Arrow              Conj/Erth      40%        3d9       56%         3
 Swiftness                Air            20%        N/A       56%         3
 Teleport Other           Tloc           20%        N/A       56%         3
 Vampiric Draining        Necr           20%        2d7       56%         3
 Vhi's Electric Charge    Tloc/Air       40%        N/A       56%         3
 Volatile Blastmotes      Fire/Tloc      40%        2d13      56%         3
 Alistair's Intoxication  Tmut/Pois      30%        N/A       77%         5
 Irradiate                Conj/Tmut      23%        3d19      77%         5
 Summon Forest            Summ/Tloc      22%        N/A       78%         5
 Summon Cactus Giant      Summ           31%        N/A       82%         6
 Airstrike                Air            10%        2d(2-18)  93%         4
 Animate Dead             Necr           20%        N/A       93%         4
 Dispel Undead            Necr           20%        3d11      93%         4
 Flame Wave               Conj/Fire      20%        2d7       93%         4
 Iskenderun's Mystic Bla  Conj/Tloc      20%        2d6       93%         4
 Olgreb's Toxic Radiance  Pois           20%        N/A       93%         4
 Passage of Golubria      Tloc           20%        N/A       93%         4
 Sticky Flame             Conj/Fire      20%        2d4       93%         4
 Agony                    Necr           20%        N/A       100%        5
 Borgnjor's Vile Clutch   Necr/Erth      10%        N/A       100%        5
 Fireball                 Conj/Fire      10%        3d6       100%        5
 Freezing Cloud           Conj/Ice/Air   10%        6-21      100%        5
 Iskenderun's Battlesphe  Conj           20%        2d7       100%        5
 Lee's Rapid Deconstruct  Erth           10%        3d8*      100%        5
 Conjure Ball Lightning   Conj/Air       10%        3x3d6     100%        6
 Death Channel            Necr           10%        N/A       100%        6
 Dispersal                Tloc           10%        N/A       100%        6
 Eringya's Noxious Bog    Tmut/Pois      23%        4d6       100%        6
 Leda's Unmaking          Conj/Erth      10%        9d2       100%        6
 Plasma Beam              Fire/Air       10%        2x1d21    100%        6
 Simulacrum               Ice/Necr       10%        N/A       100%        6
 Starburst                Conj/Fire      10%        6d5       100%        6
 Malign Gateway           Summ/Tloc      22%        N/A       100%        7
 Monstrous Menagerie      Summ           31%        N/A       100%        7
 Orb of Destruction       Conj           10%        9d6       100%        7
 Ozocubu's Refrigeration  Ice            10%        4d9       100%        7
 Spellforged Servitor     Conj/Summ      22%        N/A       100%        7
 Summon Hydra             Summ           31%        N/A       100%        7
 Ignition                 Fire           10%        3d5       100%        8
 Infestation              Necr           10%        N/A       100%        8
 Lehudib's Crystal Spear  Conj/Erth      10%        10d4      100%        8
 Maxwell's Capacitive Co  Air            10%        ∞         100%        8
 Summon Horrible Things   Summ           31%        N/A       100%        8
 Dragon's Call            Summ           31%        N/A       100%        9
 Death's Door             Necr           Unusable   N/A       N/A         9

Dungeon Overview and Level Annotations

Branches:
Dungeon (15/15)            Temple (1/1) D:4            Lair (5/5) D:10
 Shoals (4/4) Lair:3       Spider (4/4) Lair:3        Slime (0/5) Lair:4
    Orc (2/2) D:11            Elf (3/3) Orc:2        Vaults (5/5) D:13
  Crypt (3/3) Vaults:2       Tomb (0/3) Crypt:3      Depths (4/4) D:15
   Hell (visited)             Zot (5/5) Depths:4     Bailey (visited)
  IceCv (visited)          WizLab (visited)         Gauntlet (visited)
    Dis: Hell:1         Geh: Hell:1         Coc: Hell:1         Tar: Hell:1

Altars:
Ashenzari
Cheibriados
Dithmenos
Fedhas
Gozag
Hepliaklqana
Kikubaaqudgha
Makhleb
Nemelex Xobeh
Okawaru
Qazlal
Ru
Sif Muna
Trog
Uskayaw
Vehumet
Wu Jian
Xom
Yredelemnul
Lugonu

Shops:
D:5 *   D:10 *([   D:11 =   D:12 *   Orc:1 [   Orc:2 [!*(:   Elf:3 (
Vaults:1 :   Vaults:2 ?   Vaults:3 [

Portals:
Hell: Depths:1 Depths:2 Depths:3 Depths:4
Abyss: Depths:1 Depths:3 Depths:4
Pandemonium: Depths:2 Depths:3
Ziggurat: Depths:4

Annotations:
Elf:2 3 runed translucent doors
Zot:1 2 transporters, Ofeo's ghost, veteran BaHu
Zot:5 6 exclusions


Innate Abilities, Weirdness & Mutations

You do not regenerate when monsters are visible.
You are frail without blood (-20% HP).
You can heal yourself when you bite living creatures.
You are immune to poison.
You have razor-sharp teeth.
You have supernaturally acute eyesight. (SInv)
You are afflicted with vampirism and can become a bat while bloodless.
You are partially covered in iridescent scales. (AC +2)
You are agile. (Dex +4, Str/Int -1)
Your flesh is cold resistant. (rC+)
You are dopey. (Int -2)
You occasionally shout uncontrollably at your foes.


Message History

There is a stone staircase leading up here.
You fly upwards.
There is a stone staircase leading down here.
There is a stone staircase leading up here.
You fly upwards.
There is a stone staircase leading down here.
There is a stone staircase leading up here.
You fly upwards.
There is a stone staircase leading down here.
Unknown command.
A red devil comes into view.
It is wielding a +3 demon trident of venom.
The red devil moves out of view.
A Brimstone Fiend comes into view.
Casting: Enfeeble (mildly dangerous; 1% risk of failure)
Confirm with . or Enter, or press ? or * to list all spells.
Aiming: Enfeeble (mildly dangerous; 1% risk of failure)
Press: ? - help, Shift-Dir - straight line, f - Brimstone Fiend
Aim: a Brimstone Fiend (umbra, will inflict weakness and antimagic)
The Brimstone Fiend partially resists.
The Brimstone Fiend is enfeebled!
You block the Brimstone Fiend's attack.
The Brimstone Fiend hits you but does no damage.
The Brimstone Fiend closely misses you.
You block the Brimstone Fiend's attack. x3
The Brimstone Fiend attacks as you move away!
You block the Brimstone Fiend's attack. The Brimstone Fiend misses you.
The Brimstone Fiend completely misses you.
The Brimstone Fiend gestures at you.
The sphere of damnation explodes!
The damnation engulfs you!! The Brimstone Fiend gestures at you.
The sphere of damnation explodes!
The damnation engulfs you!!
There is a stone staircase leading up here.
The Brimstone Fiend's magic is no longer disrupted.
The Brimstone Fiend is no longer weakened.
You fly upwards.
There is a stone staircase leading down here.
You feel yourself speed up.
You feel clever all of a sudden.
There is a staircase leading out of the dungeon here.
You can't go down here!
You have escaped!

...#....#.#............#.#......#
#########..#...#......#..#.......
#...#...#....#...#.......
#######....#...#..#....#.#.....
##.....#.....#.#.##.....#.#.....
##......#..#...#...#.....#.#.....
#.......#...#.#.....#....#.....##
#.......#....#.......#.#.#....##
#)........#...#.@.#...#.......# #
#.......#..#...#.#...#.#.#..^.###
#.......#...#...#...#....#.......
#.....).#....#...#.#.....#....##.
##......#.....#...##.....#.....#.
##.....#....#.#.#..#....#.......
#####.#...#...#....#...#....[#.
#.#..#.....#....#..#.......
#[#.#............#.#.#.....


There were no monsters in sight!

Vanquished Creatures
  6 orbs of fire
  8 dread liches
  An ancient lich (Vaults:5)
  Boris (Crypt:3)
  5 Killer Klowns
  Saint Roka (Depths:2)
  3 caustic shrikes (Depths:1)
  Geryon (Hell)
  8 golden dragons
  2 curse toes
  Nikola (Spider:3)
  A bone dragon (Crypt:3)
  4 electric golems
  A profane servitor (Crypt:3)
  Zenata (Elf:1)
  Jorgrun (Shoals:1)
  13 Orb Guardians
  17 tentacled monstrosities
  5 liches
  6 titans
  6 sphinxes
  2 deep elf blademasters (Elf:3)
  8 quicksilver dragons
  2 deep elf master archers (Elf:3)
  A walking crystal tome (Depths:1)
  2 krakens
  The ghost of Konionua the Bewitcher, an adept KoEn of Dithmenos (Vaults:2)
  3 ancient champions
  7 death cobs
  Frances (Spider:2)
  Polyphemus (Shoals:4)
  15 shadow dragons
  Donald (Shoals:1)
  16 storm dragons
  The ghost of ytrimaz the Metamorph, an adept DsSh of Hepliaklqana (Spider:4)
  5 tengu reavers
  10 draconian monks
  Roxanne (D:14)
  3 revenants
  Aizul (Shoals:1)
  A draconian knight (Zot:1)
  4 iron dragons
  16 frost giants
  13 fire giants
  5 emperor scorpions
  5 deep elf elementalists
  11 deep elf sorcerers
  Louise (Elf:3)
  A juggernaut zombie (Depths:3)
  2 curse skulls
  A caustic shrike zombie (Crypt:1)
  4 ghost moths
  A balrug (Depths:1)
  8 ghouls
  4 draconian shifters
  15 vault wardens
  3 orc warlords
  7 draconian scorchers
  3 draconian stormcallers (Zot:2)
  2 war gargoyles (Vaults:5)
  18 ironbound preservers
  2 spriggan defenders
  14 vampire knights
  12 stone giants
  3 reapers
  2 draconian annihilators (Zot:3)
  12 ironbound thunderhulks
  3 broodmothers
  2 formless jellyfish
  6 very ugly things
  7 deep elf demonologists
  10 green draconians
  2 yellow draconians
  17 black draconians
  A dire elephant (shapeshifter) (Vaults:4)
  14 purple draconians
  11 spark wasps
  12 red draconians
  11 white draconians
  4 dire elephants (Vaults:1)
  5 deep elf annihilators
  A spark wasp (shapeshifter) (Vaults:5)
  Josephine (Lair:3)
  A minotaur (Gauntlet)
  An eidolon (Crypt:2)
  A quicksilver dragon zombie (Crypt:3)
  19 ettins
  12 fire dragons
  9 deep elf death magi
  19 jiangshi
  A crystal guardian (Vaults:1)
  10 merfolk impalers
  3 entropy weavers
  4 deep elf high priests
  4 merfolk javelineers
  12 yaktaur captains
  4 great orbs of eyes
  7 ironbound frosthearts
  3 rakshasas
  The ghost of lessens the Blocker, a journeyman GnFi of Okawaru (Orc:2)
  Fannar (Lair:1)
  9 ice dragons
  A spriggan air mage (Depths:1)
  Erica (D:8)
  A peacekeeper (Vaults:1)
  22 vault guards
  5 ogre magi
  10 centaur warriors
  6 hydras
  2 catoblepae
  7 merfolk avatars
  The ghost of osoart the Covert, a journeyman OpSh of Uskayaw (D:11)
  13 merfolk aquamancers
  6 death knights
  6 alligator snapping turtles
  4 radroaches
  17 dancing weapons
  6 deep troll shamans
  A two-headed ogre (shapeshifter) (Vaults:1)
  2 alligators (Shoals:3)
  2 satyrs (Shoals:4)
  15 two-headed ogres
  5 death yaks
  9 boulder beetles
  5 demonic crawlers
  9 tengu warriors
  9 vampire magi
  7 spriggan berserkers
  4 orc high priests
  2 soul eaters
  16 deep elf knights
  10 deep troll earth magi
  A sun demon (Depths:1)
  14 hell knights
  A fire crab (shapeshifter) (D:14)
  8 iron trolls
  41 skeletal warriors
  5 skysharks
  2 sun moths
  A bunyip zombie (Crypt:1)
  2 pharaoh ants
  2 shadow wraiths (Crypt:3)
  An anaconda zombie (Crypt:1)
  A golden dragon zombie (Depths:3)
  2 storm dragon skeletons (Depths:3)
  3 flayed ghosts
  A spark wasp zombie (D:15)
  A swamp dragon (Lair:5)
  A death drake (Depths:4)
  5 sea snakes
  3 glowing orange brains
  9 orb spiders
  46 deep trolls
  2 orange crystal statues
  An obsidian statue (IceCv)
  A kraken simulacrum (Shoals:4)
  7 wizards
  13 phantasmal warriors
  17 deep elf archers
  20 deep elf zephyrmancers
  11 lindwurms
  A spriggan simulacrum (IceCv)
  35 harpies
  A frost giant zombie (D:15)
  A broodmother zombie (Crypt:2)
  2 steelbarb worms
  32 deep elf pyromancers
  10 necromancers
  10 fauns
  12 orc knights
  12 wolf spiders
  44 ugly things
  8 cyclopes
  20 ironbound convokers
  2 orc sorcerers (Orc:2)
  14 manticores
  19 moths of wrath
  11 elephants
  9 merfolk sirens
  A jorogumo skeleton (Crypt:2)
  6 black mambas
  5 water nymphs
  Joseph (Lair:1)
  A torpor snail (shapeshifter) (D:14)
  A guardian serpent (Lair:5)
  Maggie (Lair:1)
  A smoke demon (Depths:1)
  A gargoyle (D:12)
  3 unseen horrors
  18 vault sentinels
  4 torpor snails
  9 rime drakes
  11 komodo dragons
  11 cane toads
  An anaconda simulacrum (IceCv)
  3 efreet
  An unseen horror (shapeshifter) (D:14)
  A redback zombie (Crypt:1)
  26 yaktaurs
  A white draconian skeleton (Crypt:2)
  3 ice devils (IceCv)
  2 kobold demonologists (D:11)
  18 freezing wraiths
  5 tengu conjurers
  A guardian mummy (D:15)
  15 meliai
  A yellow draconian skeleton (Crypt:2)
  A queen bee (D:10)
  3 wind drakes
  A troll (shapeshifter) (D:14)
  28 merfolk
  A spectral harpy (Crypt:3)
  2 polar bears
  11 tarantellas
  10 trolls
  11 hornets
  23 blink frogs
  A tarantella (shapeshifter) (Elf:3)
  Prince Ribbit (D:7)
  A spriggan zombie (D:15)
  11 dream sheep
  An ettin zombie (Crypt:1)
  A harpy skeleton (Crypt:1)
  12 snapping turtles
  53 flying skulls
  3 small abominations (Crypt:3)
  A fire dragon skeleton (Crypt:2)
  16 slime creatures
  20 culicivoras
  An air elemental (Elf:1)
  19 jumping spiders
  An ice dragon skeleton (Crypt:2)
  A culicivora (shapeshifter) (Vaults:5)
  4 centaur simulacra
  11 wyverns
  A large abomination (Crypt:3)
  8 shadows
  5 vampires
  2 spriggans
  19 water elementals
  16 wraiths
  30 yaks
  A basilisk (Lair:3)
  Eustachio (D:5)
  8 fire elementals
  9 vampire mosquitoes
  2 steam dragons (Lair:5)
  4 minotaur simulacra (IceCv)
  A human zombie (D:15)
  66 redbacks
  A warg (Depths:2)
  A skyshark zombie (Crypt:1)
  A fire bat zombie (Crypt:1)
  A glowing shapeshifter zombie (Crypt:2)
  24 water moccasins
  3 acid dragons
  A floating eye (Zot:3)
  A swamp drake (Lair:5)
  A hydra simulacrum (IceCv)
  2 hell hounds (Gauntlet)
  A glowing shapeshifter skeleton (Crypt:1)
  2 ice beasts
  A black bear (shapeshifter) (D:15)
  27 orc warriors
  A black bear (D:6)
  2 sky beasts (D:7)
  3 alligator simulacra (IceCv)
  35 ogres
  5 boggarts (Vaults:2)
  15 centaurs
  16 wolves
  A centaur (shapeshifter) (Vaults:5)
  2 phantoms
  Blork the orc (D:5)
  6 kobold brigands
  3 gnoll sergeants
  A komodo dragon zombie (Crypt:2)
  8 necrophages
  15 bullfrogs
  A salamander skeleton (Crypt:1)
  3 earth elementals
  4 deep troll simulacra (IceCv)
  16 wights
  26 killer bees
  7 howler monkeys
  3 electric eels
  A centaur skeleton (Crypt:2)
  2 hounds
  4 jellies
  A gnoll bouda (D:4)
  18 orc priests
  Crazy Yiuf (D:7)
  2 sleepcaps (D:6)
  7 iguanas
  15 orc wizards
  A hound skeleton (Crypt:1)
  2 howler monkey zombies
  Robin (D:4)
  18 gnolls
  9 adders
  2 white imps
  2 ufetubi
  3 worms (D:2)
  2 dart slugs (D:3)
  88 orcs
  3 endoplasms
  4 giant cockroaches
  14 goblins
  13 hobgoblins
  5 jackals (D:2)
  4 quokkas
  9 ball pythons
  9 bats
  2 frilled lizards
  21 kobolds
  5 rats
  5 tentacles
2328 creatures vanquished.

Vanquished Creatures (collateral kills)
  A juggernaut (Depths:3)
  A Killer Klown (Zot:5)
  Jory (Vaults:2)
  2 tentacled monstrosities (Zot:1)
  10 Orb Guardians (Zot:5)
  An ancient champion (Crypt:3)
  3 death cobs
  2 shadow dragons (Zot:1)
  3 storm dragons
  A draconian monk (Zot:1)
  3 vault wardens (Vaults:5)
  An iron dragon (Vaults:5)
  4 draconian scorchers
  A draconian shifter (Zot:5)
  4 draconian annihilators
  A very ugly thing (Vaults:5)
  2 green draconians
  A stone giant (Vaults:5)
  3 red draconians
  2 purple draconians
  5 white draconians
  A yellow draconian (Zot:5)
  4 black draconians
  A merfolk impaler (Shoals:1)
  A merfolk javelineer (Shoals:4)
  2 yaktaur captains (Vaults:5)
  2 jiangshi (Crypt:3)
  8 vault guards (Vaults:5)
  A rakshasa (Depths:2)
  A soul eater (Hell)
  3 skeletal warriors (Crypt:3)
  An orb spider (Spider:2)
  3 phantasmal warriors
  An ironbound convoker (Vaults:5)
  12 moths of wrath
  A vault sentinel (Vaults:5)
  3 merfolk
  A hornet (Vaults:5)
  A warg (Vaults:5)
  A floating eye (Zot:3)
  3 orc warriors (Vaults:5)
  An orc priest (Vaults:5)
  An orc (Vaults:5)
  3 spectral weapons (Vaults:5)
108 creatures vanquished.

Vanquished Creatures (others)
  3 Orb Guardians (Zot:5)
  2 sphinxes
  2 death cobs (Zot:1)
  A fire giant (Depths:3)
  A draconian stormcaller (Zot:3)
  A deep elf elementalist (Elf:3)
  A draconian annihilator (Zot:3)
  A stone giant (Vaults:5)
  A black draconian (Zot:3)
  A vampire knight (Depths:1)
  A yellow draconian (Zot:3)
  2 red draconians (Zot:3)
  A vault guard (Vaults:5)
  A deep troll earth mage (Vaults:5)
  A deep elf knight (Elf:1)
  2 deep elf archers
  2 ugly things (D:15)
  2 moths of wrath
  A yaktaur (Vaults:5)
  An air elemental (Elf:3)
  2 orc warriors (Vaults:5)
  An orc priest (Depths:2)
  Jessica (D:3)
  A spectral weapon (D:9)
  29 tentacles
62 creatures vanquished.

Grand Total: 2498 creatures vanquished

Notes
Turn   | Place    | Note
-------+----------+-------------------------------------------
     0 | D:1      | MrSquiggles the Vampire Enchanter began the quest for the
                  | Orb.
     0 | D:1      | Reached XP level 1. HP: 13/13 MP: 3/3
   120 | D:1      | Found a faded altar of an unknown god.
   188 | D:1      | Reached XP level 2. HP: 15/15 MP: 5/5
   689 | D:2      | Reached skill level 5 in Stealth
   689 | D:2      | Gained mutation: You are afflicted with vampirism and can
                  | become a bat while bloodless. [Vampire growth]
   689 | D:2      | Reached XP level 3. HP: 19/19 MP: 6/6
   931 | D:2      | Reached skill level 1 in Shields
  1252 | D:3      | Reached XP level 4. HP: 20/24 MP: 7/7
  1434 | D:3      | Noticed Jessica
  1447 | D:3      | Killed Jessica
  1637 | D:3      | Found an iron altar of Okawaru.
  1860 | D:3      | Reached XP level 5. HP: 14/28 MP: 8/8
  2427 | D:4      | Noticed a phantom
  2437 | D:4      | Found a staircase to the Ecumenical Temple.
  2441 | D:4      | Killed a phantom
  2446 | Temple   | Entered the Ecumenical Temple
  2539 | D:4      | Learned a level 3 spell: Confusing Touch
  2543 | D:4      | Learned a level 3 spell: Tukima's Dance
  2550 | D:4      | Reached XP level 6. HP: 32/32 MP: 9/9
  2565 | D:4      | Identified the +2 cloak of Sophism {rF+ Dex+2}
  2850 | D:4      | Found a blossoming altar of Fedhas.
  2850 | D:4      | Found an ancient bone altar of Kikubaaqudgha.
  3113 | D:4      | Noticed Robin
  3138 | D:4      | Killed Robin
  3450 | D:5      | Entered Level 5 of the Dungeon
  3699 | D:5      | Found Zin's Purification Station.
  3860 | D:5      | Reached XP level 7. HP: 36/36 MP: 10/10
  3977 | D:5      | Noticed Blork the orc
  4177 | D:5      | Noticed Eustachio
  4214 | D:5      | Killed Eustachio
  4215 | D:5      | Reached skill level 5 in Short Blades
  5030 | D:7      | Noticed Prince Ribbit
  5074 | D:6      | Reached XP level 8. HP: 41/41 MP: 11/11
  5103 | D:7      | Found a bloodstained altar of Trog.
  5113 | D:7      | Found an ornate altar of the Wu Jian Council.
  5114 | D:7      | Noticed a cyclops
  5143 | D:7      | Killed a cyclops
  5144 | D:7      | Reached skill level 10 in Stealth
  5144 | D:7      | Reached skill level 5 in Shields
  5231 | D:7      | Killed Prince Ribbit
  5378 | D:7      | Reached XP level 9. HP: 45/45 MP: 12/12
  5458 | D:7      | Identified the amulet "Ujoch" {Acrobat Rampage Fly Dex+3}
  5590 | D:7      | Found a shadowy altar of Dithmenos.
  5594 | D:7      | Became a worshipper of Dithmenos the Shadowed
  5612 | D:7      | Found a stormy altar of Qazlal.
  5942 | D:7      | Found a runed translucent door.
  5943 | D:7      | Noticed Crazy Yiuf
  5948 | D:7      | Killed Crazy Yiuf
  5949 | D:7      | Reached skill level 5 in Dodging
  5977 | D:8      | Noticed Erica
  5983 | D:8      | Killed Erica
  6277 | D:8      | Found a flagged portal.
  6305 | Bailey   | Entered a bailey
  6323 | Bailey   | Reached * piety under Dithmenos
  6451 | Bailey   | Reached XP level 10. HP: 35/50 MP: 13/13
  7636 | D:8      | Reached ** piety under Dithmenos
  8439 | D:9      | Noticed a two-headed ogre
  8450 | D:9      | Killed a two-headed ogre
  8456 | D:9      | Reached skill level 10 in Short Blades
  8456 | D:9      | Reached skill level 10 in Dodging
  9447 | D:9      | Reached XP level 11. HP: 50/54 MP: 14/14
  9887 | D:9      | Reached skill level 15 in Stealth
 10181 | D:10     | Entered Level 10 of the Dungeon
 10196 | D:10     | Found Hoiz's Antique Armour Shoppe.
 10281 | D:10     | Found Buduneg's Antique Weapon Shoppe.
 10374 | D:10     | Found Foasic's General Store.
 10387 | D:10     | Noticed a two-headed ogre
 10399 | D:10     | Killed a two-headed ogre
 10537 | D:10     | Found a staircase to the Lair.
 10572 | D:10     | Reached *** piety under Dithmenos
 10576 | D:10     | Reached skill level 1 in Fighting
 10576 | D:10     | Reached skill level 1 in Invocations
 11201 | D:10     | Bought a crude rapier for 225 gold pieces
 11201 | D:10     | Identified the +7 rapier of Cerus {heavy, +Blink rPois rC-
                  | Str+3} (You bought it in a shop on level 10 of the Dungeon)
 11248 | D:10     | Bought a potion of haste for 110 gold pieces
 11248 | D:10     | Bought a scroll of blinking for 82 gold pieces
 11248 | D:10     | Bought a scroll of identify for 22 gold pieces
 11267 | Lair:1   | Entered Level 1 of the Lair of Beasts
 11815 | Lair:1   | Reached **** piety under Dithmenos
 12158 | Lair:1   | Reached XP level 12. HP: 64/64 MP: 15/15
 12213 | Lair:1   | Noticed Joseph
 12357 | Lair:1   | Noticed Fannar
 12579 | Lair:1   | Killed Joseph
 12883 | Lair:2   | Noticed a death yak
 13995 | Lair:3   | Found a hole to the Spider Nest.
 14220 | Lair:3   | Reached skill level 1 in Evocations
 14755 | Lair:3   | Found a staircase to the Shoals.
 15102 | Lair:3   | Noticed Josephine
 15106 | Lair:3   | Killed Josephine
 15107 | Lair:3   | Reached skill level 5 in Fighting
 15167 | Lair:4   | Reached ***** piety under Dithmenos
 15178 | Lair:4   | Reached skill level 5 in Invocations
 15184 | Lair:4   | You are sucked into a shaft and drop 1 floor!
 15184 | Lair:5   | Entered Level 5 of the Lair of Beasts
 15196 | Lair:5   | Reached XP level 13. HP: 72/72 MP: 16/16
 15362 | Lair:5   | Reached XP level 14. HP: 78/78 MP: 17/17
 16148 | Lair:4   | Found a staircase to the Slime Pits.
 16326 | Lair:4   | Reached skill level 15 in Dodging
 16504 | Lair:4   | Identified the +3 trident of Terra Nullius {pain, rF+
                  | Will+}
 16546 | Lair:4   | Identified the +1 robe of Card Tricks {Regen+ SInv}
 16842 | Lair:4   | Identified the +1 chain mail of Cynicism {rElec rPois
                  | Int+3}
 18607 | Lair:5   | Reached ****** piety under Dithmenos
 19388 | D:3      | Found a shimmering blue altar of Sif Muna.
 19479 | D:5      | Killed Blork the orc
 19972 | Lair:1   | Killed Fannar
 19984 | Lair:1   | Noticed Maggie
 19987 | Lair:1   | Killed Maggie
 20345 | Lair:2   | Reached XP level 15. HP: 59/86 MP: 20/20
 20669 | D:11     | Found a runed translucent door.
 20686 | D:11     | Found a runed translucent door.
 20728 | D:11     | Found Giolyh's Jewellery Boutique.
 20801 | D:11     | Noticed a lich
 20801 | D:11     | Noticed osoart's ghost (journeyman OpSh)
 20839 | D:11     | Found a staircase to the Orcish Mines.
 21230 | D:11     | Noticed a fire giant
 21231 | D:11     | Noticed a storm dragon
 21496 | D:11     | Identified the +1 sling of the Shallot {drain, Will+}
 21604 | Orc:1    | Entered Level 1 of the Orcish Mines
 21607 | Orc:1    | Found Focor's Antique Armour Boutique.
 21637 | Orc:1    | Upgraded the game from 0.31-a0-523-g071a6c1ffa to
                  | 0.31-a0-532-g28f74ba3e5
 21833 | Orc:1    | You are sucked into a shaft and drop 1 floor!
 21833 | Orc:2    | Entered Level 2 of the Orcish Mines
 21833 | Orc:2    | Found a staircase to the Elven Halls.
 22529 | Orc:2    | Found a large runed translucent door.
 22530 | Orc:2    | Found a large runed translucent door.
 22531 | Orc:2    | Noticed lessens's ghost (journeyman GnFi)
 22775 | Orc:2    | Found Maoxty's Distillery.
 22775 | Orc:2    | Found Siycafokh's Antique Armour Shoppe.
 22776 | Orc:2    | Found Vyofy's Antique Weapon Emporium.
 22776 | Orc:2    | Found Epegytom's Assorted Antiques.
 23091 | Orc:2    | Found Nuh Xuem's Book Boutique.
 23457 | Orc:2    | Killed lessens's ghost
 23458 | Orc:2    | Identified the amulet "Metimmia" {Acrobat rPois Str+4 Int+3
                  | Slay-6}
 24064 | D:12     | Found Gasanoy's Elemental Accessories.
 24475 | D:13     | Found a gate leading to a gauntlet.
 24511 | Gauntlet | Entered a Gauntlet
 24511 | Gauntlet | Found a transporter.
 24520 | Gauntlet | Found a transporter.
 24537 | Gauntlet | Found a transporter.
 24541 | Gauntlet | Found a transporter.
 24562 | Gauntlet | Found a transporter.
 24575 | Gauntlet | Found a transporter.
 24589 | Gauntlet | Found a transporter.
 24618 | Gauntlet | Found a transporter.
 24618 | Gauntlet | Found a transporter.
 24623 | Gauntlet | Found a transporter.
 24654 | Gauntlet | Found a transporter.
 24654 | Gauntlet | Found a transporter.
 24889 | Gauntlet | Identified the ring of Propriety {rF- rC+ MP+9 Dex+6 SInv}
 24922 | Gauntlet | Identified the +0 pair of gloves "Qeym" {*Slow Str+2
                  | Stlth+}
 25020 | Orc:1    | Bought the +2 shield of Resistance {rF++ rC++ Will++} for
                  | 2185 gold pieces
 25020 | Orc:1    | Found the +2 shield of Resistance {rF++ rC++ Will++}
 25577 | D:13     | Noticed a fire giant
 25586 | D:13     | Killed a fire giant
 25677 | D:13     | Found a gate to the Vaults.
 26241 | D:14     | Found Ximaify's Overcharged Wands.
 26304 | D:13     | HP: 3/89 [skeletal warrior/+0 long sword (20)]
 26637 | D:13     | Reached XP level 16. HP: 86/94 MP: 22/22
 27080 | D:14     | Identified the amulet "Pobitebb" {Reflect rF+ rC- Regen+
                  | Str+3 SH+5}
 27093 | D:14     | Noticed Roxanne
 27586 | D:15     | Entered Level 15 of the Dungeon
 27595 | D:15     | Found a staircase to the Depths.
 28019 | D:15     | Found a flickering gateway to a bazaar.
 28027 | Bazaar   | Entered a bazaar
 28053 | Bazaar   | Found Adang's Book Boutique.
 28070 | Bazaar   | Found Jebrosyu's General Store.
 28081 | Bazaar   | Found Jouxtih's Distillery.
 28105 | Bazaar   | Found Titweif's Antique Armour Emporium.
 28113 | Bazaar   | Found Bedieciw's Antique Weapon Emporium.
 28129 | Bazaar   | Bought a shimmering helmet for 161 gold pieces
 28129 | Bazaar   | Identified the +0 helmet of the Elven Halls {rF+ Will+
                  | Int+3 Dex-3} (You bought it in a shop in a bazaar)
 28428 | D:15     | Identified the +6 chain mail of the Wumpus {Fly rPois
                  | Slay+2}
 28949 | Spider:1 | Entered Level 1 of the Spider Nest
 30993 | Spider:1 | Reached skill level 10 in Fighting
 31754 | Spider:2 | Noticed Frances
 31817 | Spider:2 | Killed Frances
 31822 | Spider:2 | Reached skill level 10 in Shields
 31977 | Spider:3 | Found a frozen archway.
 32054 | Spider:3 | Reached XP level 17. HP: 65/102 MP: 23/23
 32166 | IceCv    | Entered an ice cave
 32804 | IceCv    | Identified the ring "Ruefuut" {Ice Dex+2}
 34101 | Spider:3 | Noticed Nikola
 34702 | Spider:3 | Killed Nikola
 35032 | Spider:4 | Entered Level 4 of the Spider Nest
 35444 | Spider:4 | Found a large runed translucent door.
 35445 | Spider:4 | Found a large runed translucent door.
 35897 | Spider:4 | Noticed ytrimaz's ghost (adept DsSh)
 35949 | Spider:4 | Killed ytrimaz's ghost
 36873 | Spider:4 | Got a gossamer rune of Zot
 37123 | Shoals:1 | Entered Level 1 of the Shoals
 37164 | Shoals:1 | Noticed Donald
 37167 | Shoals:1 | Killed Donald
 37239 | Shoals:1 | Noticed Aizul
 37243 | Shoals:1 | Killed Aizul
 37611 | Shoals:1 | Reached XP level 18. HP: 93/112 MP: 25/25
 37771 | Shoals:1 | Noticed Jorgrun
 37812 | Shoals:1 | Killed Jorgrun
 39219 | Shoals:2 | Identified the ring "Hakh" {rF- rC+ rN++ Str+3 SInv}
 39799 | Shoals:3 | Reached skill level 10 in Invocations
 40105 | Shoals:3 | Reached skill level 5 in Hexes
 40345 | Shoals:3 | Identified the +1 shortbow "Isoujao" {antimagic, rPois
                  | Will+ SInv}
 41454 | Shoals:4 | Entered Level 4 of the Shoals
 41454 | Shoals:4 | Noticed Polyphemus
 41783 | Shoals:4 | Reached skill level 6 in Hexes
 42411 | D:12     | Bought a lightning rod (4/4) for 480 gold pieces
 42852 | Shoals:4 | Reached skill level 7 in Hexes
 43426 | Shoals:4 | Reached skill level 10 in Evocations
 43471 | Shoals:4 | Got a barnacled rune of Zot
 43505 | Shoals:4 | Reached skill level 8 in Hexes
 43505 | Shoals:4 | Reached XP level 19. HP: 120/120 MP: 26/26
 43551 | Shoals:4 | Killed Polyphemus
 44438 | Elf:1    | Entered Level 1 of the Elven Halls
 44492 | Elf:1    | Noticed Zenata
 44494 | Elf:1    | Killed Zenata
 44598 | Elf:1    | Identified the +3 leather armour of the Pit {Slay+2}
 44781 | Elf:1    | Reached skill level 9 in Hexes
 45345 | Elf:1    | Paralysed by an air elemental for 1 turns
 45776 | Elf:1    | Found a runed translucent gate.
 45776 | Elf:1    | Found a runed translucent gate.
 45776 | Elf:1    | Found a runed translucent gate.
 45776 | Elf:1    | Found a runed translucent gate.
 45776 | Elf:1    | Found a runed translucent gate.
 45777 | Elf:1    | Found a runed translucent gate.
 46016 | Elf:1    | Reached skill level 10 in Hexes
 46644 | Elf:2    | Reached skill level 15 in Fighting
 46889 | Elf:2    | Found a runed translucent gate.
 46889 | Elf:2    | Found a runed translucent gate.
 46889 | Elf:2    | Found a runed translucent gate.
 47041 | Elf:2    | Found a portal to a secret trove of treasure.
 47041 | Elf:2    | Identified the +1 leather armour "Wosekudi" {+Inv rF+++
                  | rCorr Str-2}
 47197 | Elf:2    | Identified the +0 robe "Joocvo" {Drain rPois Int+2}
 47529 | Elf:3    | Entered Level 3 of the Elven Halls
 47872 | Elf:3    | Noticed Louise
 47874 | Elf:3    | Killed Louise
 48054 | Elf:3    | Reached skill level 11 in Hexes
 48059 | Elf:3    | Found Zaeppid's Antique Weapon Shop.
 48300 | Elf:3    | Found a stormy altar of Qazlal.
 48877 | Vaults:1 | Entered Level 1 of the Vaults
 49021 | Vaults:1 | Reached XP level 20. HP: 115/130 MP: 27/27
 49163 | Vaults:1 | Identified the +1 chain mail "Retac" {Int+2}
 49241 | Vaults:1 | Identified the +4 scale mail "Buxt" {Fly rN+}
 49392 | Vaults:1 | Found Duskeziff's Book Emporium.
 50017 | Vaults:1 | Identified the +6 hand axe of the Messenger {elec, Fly rF-
                  | Will+ Dex+3}
 50039 | Vaults:1 | Reached skill level 12 in Hexes
 50057 | Vaults:1 | Identified the +1 quarterstaff of Gen Let {freeze, *Rage
                  | Int+3 Stlth+}
 50188 | Vaults:1 | Identified the +2 mace "Xotuuhoy" {venom, rElec rF+}
 50360 | Vaults:1 | Reached skill level 15 in Shields
 51081 | D:14     | Bought a wand of mindburst (30) for 630 gold pieces
 51231 | Vaults:2 | Found Qino's Magic Scroll Shoppe.
 51419 | Vaults:2 | Noticed Jory
 51867 | Vaults:2 | Reached skill level 13 in Hexes
 51923 | Vaults:2 | Learned a level 4 spell: Cause Fear
 51927 | Vaults:2 | Learned a level 3 spell: Summon Guardian Golem
 52274 | Vaults:2 | Found a staircase to the Crypt.
 52767 | Vaults:2 | Killed Jory
 52875 | Vaults:2 | Reached skill level 14 in Hexes
 53757 | Vaults:3 | Reached XP level 21. HP: 140/140 MP: 28/28
 53959 | Vaults:3 | Reached skill level 15 in Hexes
 54231 | Vaults:3 | Found Bosul's Armour Shoppe.
 54417 | Orc:1    | Bought a pair of runed boots for 232 gold pieces
 54424 | Orc:1    | Upgraded the game from 0.31-a0-532-g28f74ba3e5 to
                  | 0.31-a0-538-gbc85326fa9
 54547 | Vaults:3 | Found a runed translucent gate.
 54547 | Vaults:3 | Noticed Konionua's ghost (adept KoEn)
 54548 | Vaults:3 | Found a runed translucent gate.
 54548 | Vaults:3 | Found a runed translucent gate.
 54548 | Vaults:3 | Identified the +2 plate armour "Joib" {Will+ Stlth+}
 55155 | Vaults:2 | Killed Konionua's ghost
 55917 | Vaults:4 | Reached skill level 16 in Hexes
 55966 | Vaults:4 | Identified the staff of War {rN+ Str+5 Earth}
 57595 | Depths:1 | Entered Level 1 of the Depths
 58181 | Depths:1 | Reached skill level 17 in Hexes
 58259 | Depths:1 | Noticed a golden dragon
 58262 | Depths:1 | Killed a golden dragon
 58359 | Depths:1 | Found a hazy altar of Hepliaklqana.
 58836 | Depths:1 | Found a one-way gate to the infinite horrors of the Abyss.
 58838 | Depths:1 | Noticed a caustic shrike
 58842 | Depths:1 | Killed a caustic shrike
 58931 | Depths:1 | Noticed a caustic shrike
 58935 | Depths:1 | Killed a caustic shrike
 59684 | Depths:1 | Noticed a caustic shrike
 59689 | Depths:1 | Killed a caustic shrike
 59690 | Depths:1 | Reached skill level 18 in Hexes
 59690 | Depths:1 | Reached XP level 22. HP: 137/152 MP: 17/29
 60172 | Depths:1 | Found the +8 Wrath of Trog {antimagic, *Rage Rampage}
 60265 | Depths:2 | Noticed Saint Roka
 61937 | Depths:2 | Reached skill level 19 in Hexes
 62736 | Depths:2 | Found a gateway to Hell.
 62742 | Depths:2 | Killed Saint Roka
 62949 | Depths:2 | Found a one-way gate leading to the halls of Pandemonium.
 63749 | Depths:3 | Reached skill level 20 in Hexes
 64460 | Depths:3 | Reached skill level 21 in Hexes
 64992 | Depths:2 | Learned a level 7 spell: Enfeeble
 64998 | Depths:2 | Learned a level 5 spell: Yara's Violent Unravelling
 65097 | Depths:3 | Noticed a juggernaut
 65123 | Depths:3 | Killed a juggernaut
 65124 | Depths:3 | Reached skill level 1 in Transmutations
 65850 | Depths:3 | Found a broken altar of Ashenzari.
 66680 | Depths:4 | Entered Level 4 of the Depths
 67110 | Depths:4 | Found a one-way gateway to a ziggurat.
 67207 | Depths:4 | Reached XP level 23. HP: 134/160 MP: 18/30
 67264 | Depths:4 | Found a corrupted altar of Lugonu.
 68358 | Depths:4 | Reached skill level 5 in Transmutations
 68762 | Depths:4 | Reached skill level 22 in Hexes
 70588 | Depths:4 | Found a transporter.
 70954 | Depths:4 | Found a gate to the Realm of Zot.
 71271 | D:11     | Killed osoart's ghost
 71761 | D:14     | Killed Roxanne
 72144 | Elf:2    | You paid a toll of +3 shadow dragon scales to enter a
                  | treasure trove
 72145 | Trove    | Entered a treasure trove
 72182 | Trove    | Got Sif Muna's Grimoire of Chilling Breath
 72192 | Trove    | Got Effiof's Excursus on Atmospheric Fulmination
 72204 | Trove    | Got Jelog's Tome of Violent Elsewhere
 72666 | Elf:3    | Reached skill level 23 in Hexes
 73117 | Elf:3    | Identified the ring "Bitenink" {Fly Int+3 Slay+3 Stlth+}
 73505 | Elf:3    | Identified the +0 chain mail of Noughts and Crosses {rElec
                  | rPois}
 73657 | Elf:3    | Identified the +9 rapier of the Walnut {freeze, Str+3}
 73883 | Elf:3    | Identified the +3 mace of Usyti {heavy, Str+2}
 74016 | Elf:3    | Identified the staff "Zubaonea" {rF+ rC+ Will++ Str-3 SInv
                  | Fire}
 74463 | Crypt:1  | Entered Level 1 of the Crypt
 74525 | Crypt:1  | Found a magical portal.
 74544 | WizLab   | Entered Wucad Mu's Monastery
 74667 | WizLab   | Found the crystal ball of Wucad Mu {*channel}
 74830 | WizLab   | Reached XP level 24. HP: 169/169 MP: 30/34
 74840 | WizLab   | Learned a level 8 spell: Discord
 75997 | Crypt:2  | Reached XP level 25. HP: 165/175 MP: 35/35
 76756 | Crypt:2  | Reached skill level 24 in Hexes
 77346 | Crypt:2  | Found an ancient bone altar of Kikubaaqudgha.
 77861 | Crypt:3  | Entered Level 3 of the Crypt
 78454 | Crypt:3  | Found a basalt altar of Yredelemnul.
 79482 | Crypt:3  | Reached skill level 15 in Evocations
 79604 | Crypt:3  | Got the Almanac of Death
 79605 | Crypt:3  | Identified the +0 robe of the Will of the Gods {-Cast rN++
                  | Str+5}
 79626 | Crypt:3  | Noticed Boris
 79633 | Crypt:3  | Killed Boris
 79820 | Crypt:3  | Reached skill level 25 in Hexes
 79963 | Crypt:3  | Identified the +0 robe of the Vaults {Dex+4}
 80201 | Crypt:3  | Found a staircase to the Tomb.
 80627 | Vaults:5 | Entered Level 5 of the Vaults
 80632 | Vaults:5 | Reached skill level 10 in Spellcasting
 80831 | Vaults:5 | Noticed a dread lich
 81656 | Vaults:4 | Killed a dread lich
 82909 | Vaults:5 | Reached XP level 26. HP: 183/183 MP: 38/38
 82965 | Vaults:5 | Noticed an ancient lich
 82995 | Vaults:5 | Killed an ancient lich
 83361 | Vaults:5 | Identified the +7 halberd of Indomitability {flame, Str+3}
 84539 | Vaults:5 | Got a silver rune of Zot
 84540 | Vaults:5 | Identified the +1 robe of Joschy {Will+ Regen+ Str+4}
 84811 | Vaults:5 | Identified the +1 quick blade of Linearity {venom, Int+3}
 84818 | Vaults:5 | Identified the +7 sling of Harmony {drain, *Slow +Blink
                  | Will+ Dex+3}
 85224 | Vaults:2 | Bought a scroll of enchant weapon for 105 gold pieces
 85224 | Vaults:2 | Bought a scroll of summoning for 133 gold pieces
 85555 | Hell     | Entered the Vestibule of Hell
 85555 | Hell     | Noticed Geryon
 85570 | Hell     | Killed Geryon
 86188 | Orc:2    | Bought a potion of curing for 60 gold pieces
 86188 | Orc:2    | Bought 2 potions of brilliance for 160 gold pieces
 86190 | Orc:2    | Bought a potion of brilliance for 60 gold pieces
 86190 | Orc:2    | Bought a potion of heal wounds for 75 gold pieces
 86190 | Orc:2    | Bought a potion of curing for 45 gold pieces
 86190 | Orc:2    | Bought a potion of curing for 45 gold pieces
 86294 | D:14     | Bought a wand of quicksilver (18) for 1134 gold pieces
 86294 | D:14     | Bought a wand of quicksilver (18) for 1134 gold pieces
 86294 | D:14     | Bought a wand of mindburst (30) for 630 gold pieces
 86294 | D:14     | Bought a wand of iceblast (18) for 648 gold pieces
 86294 | D:14     | Bought a wand of paralysis (18) for 648 gold pieces
 86429 | Zot:1    | Entered Level 1 of the Realm of Zot
 86443 | Zot:1    | Reached skill level 1 in Long Blades
 86491 | Zot:1    | Found a transporter.
 86509 | Zot:1    | Noticed a dread lich
 86935 | Zot:1    | Noticed an orb of fire
 86948 | Zot:1    | Gained mutation: You are dopey. (Int -2) [an orb of fire]
 87164 | Zot:1    | Noticed Ofeo's ghost (veteran BaHu)
 87735 | Zot:1    | Found a transporter.
 88697 | Zot:1    | Gained mutation: You occasionally shout uncontrollably at
                  | your foes. [an orb of fire]
 88703 | Zot:1    | Gained mutation: You occasionally lose the ability to drink
                  | potions when taking damage. [an orb of fire]
 88715 | Zot:1    | Gained mutation: Armour fits poorly on your strangely
                  | shaped body. [an orb of fire]
 88715 | Zot:1    | Gained mutation: You are weak. (Str -2) [an orb of fire]
 88732 | Zot:1    | Gained mutation: You are occasionally teleported next to
                  | monsters. [an orb of fire]
 88736 | Zot:1    | Killed an orb of fire
 88984 | D:13     | Lost mutation: You occasionally lose the ability to drink
                  | potions when taking damage. [potion of mutation]
 88984 | D:13     | Lost mutation: Armour fits poorly on your strangely shaped
                  | body. [potion of mutation]
 88984 | D:13     | Gained mutation: You have a pair of small horns on your
                  | head. [potion of mutation]
 88984 | D:13     | Gained mutation: You have large cloven feet. [potion of
                  | mutation]
 88986 | D:13     | Lost mutation: You are occasionally teleported next to
                  | monsters. [potion of mutation]
 88986 | D:13     | Lost mutation: You are weak. (Str -2) [potion of mutation]
 88986 | D:13     | Gained mutation: You occasionally lose the ability to drink
                  | potions when taking damage. [potion of mutation]
 88986 | D:13     | Gained mutation: You are vulnerable to cold. (rC-) [potion
                  | of mutation]
 89048 | Vaults:1 | Lost mutation: You occasionally lose the ability to drink
                  | potions when taking damage. [potion of mutation]
 89048 | Vaults:1 | Lost mutation: You are vulnerable to cold. (rC-) [potion of
                  | mutation]
 89048 | Vaults:1 | Gained mutation: You are partially covered in iridescent
                  | scales. (AC +2) [potion of mutation]
 89112 | Vaults:3 | Lost mutation: You have large cloven feet. [potion of
                  | mutation]
 89112 | Vaults:3 | Lost mutation: You have a pair of small horns on your head.
                  | [potion of mutation]
 89112 | Vaults:3 | Gained mutation: You are agile. (Dex +4, Str/Int -1)
                  | [potion of mutation]
 89882 | Zot:2    | Reached skill level 5 in Long Blades
 91764 | Zot:3    | Noticed a dread lich
 91788 | Zot:2    | Killed a dread lich
 92250 | Zot:2    | Learned a level 5 spell: Summon Mana Viper
 92276 | Zot:3    | Noticed a dread lich
 92295 | Zot:2    | Killed a dread lich
 92296 | Zot:2    | Reached skill level 1 in Summonings
 92296 | Zot:2    | Reached XP level 27. HP: 180/190 MP: 7/40
 92427 | Zot:3    | Noticed a dread lich
 92432 | Zot:3    | Noticed a dread lich
 92437 | Zot:3    | Noticed a dread lich
 92448 | Zot:2    | Killed a dread lich
 92568 | Zot:2    | Killed a dread lich
 92616 | Zot:2    | Killed a dread lich
 92922 | Zot:3    | Reached skill level 5 in Summonings
 93136 | Zot:3    | Noticed a dread lich
 93154 | Zot:3    | Killed a dread lich
 93277 | Zot:3    | Identified the +4 war axe of Qito {spect, *Noise rElec rC+
                  | Will+}
 93302 | Zot:3    | Reached skill level 10 in Long Blades
 95751 | Zot:5    | Entered Level 5 of the Realm of Zot
 95758 | Zot:5    | Noticed an orb of fire
 95760 | Zot:5    | Killed an orb of fire
 96971 | Zot:5    | Learned a level 4 spell: Anguish
 99453 | Zot:5    | Noticed an orb of fire
 99455 | Zot:5    | Noticed an orb of fire
 99455 | Zot:5    | Noticed an orb of fire
 99940 | Zot:5    | Killed an orb of fire
100136 | Zot:5    | Killed an orb of fire
101638 | Zot:5    | Noticed a dread lich
101657 | Zot:5    | Killed a dread lich
101658 | Zot:5    | Reached skill level 26 in Hexes
102360 | Zot:5    | Noticed an orb of fire
102379 | Zot:5    | Killed an orb of fire
104058 | Zot:5    | Gained mutation: Your flesh is cold resistant. (rC+) [an
                  | orb of fire]
104074 | Zot:5    | Killed an orb of fire
105600 | Zot:5    | Got the Orb of Zot
105802 | Depths:4 | Noticed Ompoxtel the pandemonium lord
106137 | D:$      | Escaped with the Orb!

Illustrated notes

Levels and vault maps discovered:
D:1:      matt_arrival_diagonals, layout_rooms,
          hellmonk_ecumenical_altar_blasted
D:2:      layout_loops_ring
D:3:      layout_loops_ring, tgw_sif, mainiacjoe_overflow_catwalk
D:4:      layout_basic, grunt_temple_overflow_growth_and_decay,
          minmay_temple_entry_grid, uniq_robin
D:5:      layout_basic, zin_purify, uniq_eustachio, uniq_blork_the_orc
D:6:      layout_basic, chequers_serial_rivers_large_a,
          ebering_dispersal_statue_hall
D:7:      layout_rooms, nicolae_qazlal_beasts_of_the_sky,
          mainiacjoe_overflow_catwalk_spiral, mainiacjoe_overflow_brackets,
          uniq_crazy_yiuf_cottage, uniq_prince_ribbit1
D:8:      layout_layer_cave, enter_bailey_3, supply_closet_lemuel, uniq_erica
D:9:      minmay_polygon_palace, layout_layer_cave, kennysheep_mini
D:10:     layout_roguey, lair_entry_dummy, special_room [special_room_bee],
          serial_shops, shop, nicolae_shop_tiny_waterfront, shop,
          corexii_corridor_pit
D:11:     cheibrodos_barr_body, layout_basic, orc_0_dummy,
          muffindrake_ghost_dual_entry, serial_shops, nicolae_shop_tiny_glass,
          kennysheep_cross_bottleneck
D:12:     layout_long_grid, serial_glass, glass_columns_a, glass_columns_a,
          glass_columns_b, glass_columns_a, glass_columns_b,
          nicolae_elemental_shop
D:13:     layout_long_grid, hellmonk_vaults_attempted_burglary,
          gauntlet_entry_generic
D:14:     cheibrodos_ideogram_h, layout_cave_pools,
          infiniplex_staircase_zigzag_3, nicolae_shop_overcharged_wands,
          uniq_roxanne
D:15:     gammafunk_depths_entry_grave, layout_cave_pools, serial_shops,
          freezing_bzr, hangedman_decor_points
Temple:   minmay_temple_forest_path
Lair:1:   layout_cave_pods, uniq_joseph, uniq_maggie, uniq_fannar
Lair:2:   layout_cave_pods, nzn_random_ring, lemuel_fruit_fields,
          infiniplex_staircase_pool, grunt_megastairs_4
Lair:3:   layout_regular_city, minmay_shoals_entry_hut,
          spider_nest_entry_web_field, serial_bayou_ford_a, beast_lair_carwin_9,
          uniq_josephine
Lair:4:   layout_cave_pods, nicolae_slime_entry_field_trip
Lair:5:   guppyfry_lair_end_dragon, layout_layer_cave,
          hangedman_lair_tendril_chambers, grunt_forest_large_clearings
Shoals:1: layout_shoals, uniq_aizul, uniq_jorgrun, uniq_donald
Shoals:2: layout_shoals, nzn_prometheus_bound
Shoals:3: layout_shoals, nicolae_shoals_goliath_grotto
Shoals:4: shoals_end_grunt_ice, layout_shoals, nicolae_shoals_square_sea_wall,
          nicolae_shoals_water_booths, uniq_polyphemus
Spider:1: layout_spider_delve, nicolae_spider_webbed_stairs
Spider:2: layout_spider_delve, uniq_frances
Spider:3: layout_spider_delve, portal_ice_cave_entry_pillars_three, uniq_nikola
Spider:4: spider_rune_water, ebering_ghost_disaster_area,
          nicolae_spider_twisty_arc_passages
Orc:1:    layout_caves, serial_shops, shop, basic_altar
Orc:2:    st_orc_ogre_mass, layout_caves, serial_shops,
          nicolae_shop_pleasant_corner_grove, ebering_ghost_disaster_area
Elf:1:    eino_elf_arrival_shootout, layout_loops_cross, orc_legates,
          eino_tiny_chamber, uniq_zenata
Elf:2:    nicolae_elf_blades_crystal_corner, layout_onion_city,
          nicolae_trove_entry_isolated
Elf:3:    minmay_elf_hall_dome, layout_loops_corners, serial_shops, shop,
          nicolae_elf_altarnating, uniq_louise
Vaults:1: st_octagons_1, nicolae_vaults_spaceships, nicolae_vaults_network_s,
          hangedman_vaults_cutoff, nicolae_vaults_heist,
          nicolae_vaults_closet_pinwheel_1, vaults_room_fours,
          layout_vaults_chaotic_city, serial_shops, shop_statue
Vaults:2: v_misc_16, nicolae_vaults_weapon_check,
          nicolae_vaults_shrinking_rooms_2, grunt_vaults_bifocal, v_misc_9,
          minmay_crypt_entry_simple_sparse,
          vaults_standard_mumra_enter_the_diamond, vaults_dpeg_ring,
          nicolae_vaults_alarming, hangedman_vaults_locks, layout_vaults_ring,
          serial_shops, shop, uniq_jory, uniq_margery
Vaults:3: biasface_ghost_orc_armoury, nicolae_vaults_little_guard_posts,
          nicolae_vaults_network_star, nicolae_vaults_taking_the_gang_shopping,
          nicolae_vaults_six-pack, v_misc_22, nicolae_vaults_sealed_display,
          nicolae_vaults_little_squares_5, v_rooms_5,
          nicolae_vaults_offset_grid_hallway_1, vaults_room_pools,
          nicolae_vaults_storage_room_statues, nicolae_vaults_closet_pinwheel_4,
          nicolae_vaults_trapezoid_4, layout_vaults_maze
Vaults:4: nicolae_vaults_shelves_hall, nicolae_vaults_octothorpe,
          grunt_vaults_funnel, vaults_standard_mumra_lines,
          nicolae_vaults_offset_grid_hallway_1, vaults_mumra_chevron,
          vaults_room_semicircle, ontoclasm_vaults_ring_small,
          ontoclasm_vaults_idyll, ontoclasm_vaults_spin,
          nicolae_vaults_diamond_1, layout_vaults_quadrants
Vaults:5: serial_shops
Crypt:1:  layout_gridlike, lightli_enter_wizlab_magi_temple,
          minmay_misc_feat_alley, glass_columns_b
Crypt:2:  layout_catacombs, weyrava_vampire_temple
Crypt:3:  grunt_crypt_end_deaths_head, uniq_boris
Depths:1: minmay_swirls_squares, layout_long_grid, lightli_too_deep,
          nicolae_hepliaklqana_hazy_memory, abyss_entry, st_stairs_9,
          minmay_guarded_unrand_wrath_of_trog
Depths:2: minmay_bloctagon, layout_cave_pools, hell_entry, pan_entry,
          skrybe_limestone_x, onia_ninara_dug_in_and_dangerous,
          infiniplex_staircase_pool_2, uniq_saint_roka
Depths:3: minmay_connected_boxes_in_corner, layout_gridlike,
          abyss_entry_small_statue_room, hell_entry, pan_entry,
          ashenzari_altar_1
Depths:4: lemuel_castle_with_subvaults [lemuel_castle_interior_carwin_1],
          layout_honeycomb, enter_ziggurat_f, hell_entry, minmay_crystal_room,
          abyss_entry_flame_altar, nicolae_diode_basic
Hell
Zot:1:    layout_basic, gammafunk_ghost_abyssal_escape
Zot:2:    lemuel_draconian_sentries_small, layout_basic
Zot:3:    hellmonk_paralyzer, layout_cathedral_of_symmetry
Zot:4:    layout_cathedral_of_symmetry
Zot:5:    layout_cathedral_of_symmetry, grunt_megastairs_2

Skill      XL: |  1  2  3  4  5  6  7  8  9 10 11 12 13 14 15 16 17 18 19 20 21 22 23 24 25 26 27 |
---------------+----------------------------------------------------------------------------------+-----
Short Blades   | 2 3 4 5 7 9 10 11 12 13 14 | 14.0
Stealth        | 5 6 7 9 11 12 14 16 20 | 20.9
Shields        | 1 2 3 4 5 6 10 12 13 14 15 | 15.0
Dodging        | 4 7 10 12 14 16 18 19 21 | 21.0
Fighting       | 3 5 7 8 10 12 13 15 17 19 21 22 23 24 | 24.0
Invocations    | 3 5 7 8 9 10 | 10.0
Evocations     | 6 8 10 11 12 13 17 18 | 18.9
Hexes          | 8 11 14 18 21 23 25 26 | 26.7
Transmutations | 3 6 8 |  8.0
Spellcasting   | 7 8 11 13 | 13.1
Long Blades    | 9 11 | 11.5
Summonings     | 1 7 |  7.8

Action                     |  1- 3 |  4- 6 |  7- 9 | 10-12 | 13-15 | 16-18 | 19-21 | 22-24 | 25-27 || total
---------------------------+-------+-------+-------+-------+-------+-------+-------+-------+-------++-------
  Melee: Dagger            |    94 |   136 |   226 |   550 |       |     6 |     2 |       |       ||  1014
         Bite              |     8 |    12 |    38 |    83 |   180 |   275 |   363 |   385 |   441 ||  1785
         Rapier            |       |       |       |    79 |   964 |  1649 |  1795 |  1616 |  1860 ||  7963
         Scimitar          |       |       |       |       |    27 |       |       |       |       ||    27
         Demon blade       |       |       |       |       |       |       |       |       |   123 ||   123
         Unarmed           |       |       |       |       |       |       |       |       |     1 ||     1
   Cast: Confusing Touch   |       |     2 |       |     2 |     1 |     1 |     1 |       |     1 ||     8
         Enfeeble          |       |       |       |       |       |       |       |   121 |   245 ||   366
         Yara's Violent Un |       |       |       |       |       |       |       |     6 |     8 ||    14
         Cause Fear        |       |       |       |       |       |       |       |     3 |       ||     3
         Discord           |       |       |       |       |       |       |       |       |    62 ||    62
         Summon Mana Viper |       |       |       |       |       |       |       |       |    57 ||    57
         Summon Guardian G |       |       |       |       |       |       |       |       |     4 ||     4
 Invoke: Shadow Step       |       |       |       |     1 |     1 |     7 |    15 |     5 |     9 ||    38
Ability: Exsanguinate      |     1 |       |       |       |       |       |       |       |       ||     1
         Evoke Blink       |       |       |       |       |     1 |     3 |       |     2 |     1 ||     7
         End Transformatio |       |       |       |       |       |       |       |       |     1 ||     1
         Bat Form          |       |       |       |       |       |       |       |       |     1 ||     1
  Evoke: Wand              |       |     6 |    15 |    16 |    35 |    45 |    14 |    36 |    48 ||   215
         Tin of tremorston |       |       |       |       |       |     5 |     2 |     3 |     1 ||    11
         Box of beasts     |       |       |       |       |       |     4 |     2 |     2 |       ||     8
         Lightning rod     |       |       |       |       |       |       |     1 |     8 |       ||     9
         Phial of floods   |       |       |       |       |       |       |     1 |       |       ||     1
         Horn of Geryon    |       |       |       |       |       |       |       |       |     2 ||     2
    Use: Scroll            |     3 |       |     8 |    10 |     9 |     7 |     6 |     6 |    22 ||    71
         Potion            |     1 |       |     6 |     4 |     1 |     7 |     6 |     9 |    15 ||    49
   Stab: Sleeping          |    18 |    22 |    12 |    73 |    90 |   181 |   158 |    46 |    68 ||   668
         Distracted        |       |     1 |     7 |    22 |    23 |    23 |    21 |    13 |    35 ||   145
         Confused          |       |     1 |       |     2 |       |       |       |       |     1 ||     4
         Invisible         |       |       |     2 |       |       |       |       |    76 |    93 ||   171
         Paralysed         |       |       |     1 |     4 |       |       |       |     1 |       ||     6
         Petrifying        |       |       |       |       |       |     1 |       |       |       ||     1
         Petrified         |       |       |       |       |       |     1 |       |       |       ||     1
 Armour: Robe              |    12 |    12 |       |       |       |       |       |       |       ||    24
         Ring mail         |       |       |    27 |    73 |   160 |   242 |   192 |   247 |   342 ||  1283
  Dodge: Dodged            |    36 |    70 |    92 |   338 |   899 |  1258 |  1097 |  1221 |  1732 ||  6743
  Block: Buckler           |     8 |    18 |    44 |   110 |   226 |       |       |       |       ||   406
         Kite shield       |       |       |       |       |   110 |  1276 |  1274 |  1146 |  1774 ||  5580

Table legend: (Time is in decaauts)
 A = Elapsed time spent in this place.
 B = Non-inter-level travel time spent in this place.
 C = Inter-level travel time spent in this place.
 D = Time resting spent in this place.
 E = Time spent auto-exploring this place.
 F = Levels seen in this place.
 G = Mean time per level.
                   A        B        C        D        E       F      G
               +--------+--------+--------+--------+--------+-----+--------+
         Total | 104802 |  94649 |  10153 |  31626 |  33835 |  58 | 1806.9 |
       Dungeon |  18819 |  15460 |   3359 |   2565 |   8790 |  15 | 1254.6 |
        Temple |     28 |     28 |      0 |      0 |     27 |   1 |   28.0 |
          Lair |   9407 |   8319 |   1088 |   1713 |   3932 |   5 | 1881.4 |
        Shoals |   6342 |   5776 |    566 |    770 |   2259 |   4 | 1585.5 |
   Spider Nest |   6673 |   6168 |    505 |   2621 |   1789 |   4 | 1668.2 |
  Orcish Mines |   2589 |   2086 |    503 |    385 |    915 |   2 | 1294.5 |
   Elven Halls |   6312 |   5940 |    372 |   1438 |   2683 |   3 | 2104.0 |
        Vaults |  13281 |  11975 |   1306 |   4000 |   4575 |   5 | 2656.2 |
         Crypt |   5636 |   5466 |    170 |   1401 |   1755 |   3 | 1878.7 |
        Depths |  14969 |  13484 |   1485 |   5771 |   3558 |   4 | 3742.2 |
          Hell |     14 |     14 |      0 |      0 |      0 |   1 |   14.0 |
           Zot |  17872 |  17077 |    795 |  10109 |   2964 |   5 | 3574.4 |
        Bazaar |    126 |    126 |      0 |      0 |     87 |   1 |  126.0 |
         Trove |     87 |     87 |      0 |      0 |      0 |   1 |   87.0 |
        Bailey |    932 |    932 |      0 |    254 |    190 |   1 |  932.0 |
      Ice Cave |    980 |    980 |      0 |    475 |     51 |   1 |  980.0 |
        Wizlab |    276 |    276 |      0 |     20 |     99 |   1 |  276.0 |
      Gauntlet |    451 |    451 |      0 |    100 |    160 |   1 |  451.0 |
               +--------+--------+--------+--------+--------+-----+--------+

Top non-repeatable levels by time:
   Zot:5: 9284 daAuts
Depths:4: 5224 daAuts
Depths:1: 4725 daAuts
Vaults:4: 4151 daAuts
Depths:3: 3367 daAuts
   Zot:2: 3019 daAuts
   Elf:3: 2935 daAuts
Vaults:1: 2794 daAuts
  Lair:5: 2605 daAuts
 Crypt:3: 2506 daAuts
Vaults:2: 2313 daAuts
  Lair:1: 2237 daAuts
   Zot:3: 2153 daAuts
Vaults:5: 2141 daAuts
Spider:1: 2140 daAuts
